 Dungeon Crawl Stone Soup version 0.30-a0-46-g5a63ccc183 (webtiles) character file.

Game seed: 16931207251642679598

2 Newt the Ducker (level 1, -2/16 HPs)
             Began as a Demonspawn Gladiator on Sept 1, 2022.
             Slain by a gnoll
             ... wielding a +0 spear
              (4 damage)
             ... on level 1 of the Dungeon.
             The game lasted 00:00:11 (159 turns).

Newt the Ducker (Demonspawn Gladiator)               Turns: 159, Time: 00:00:12

Health: -2/16      AC:  4    Str: 14    XL:     1   Next: 25%
Magic:  1/1        EV: 12    Int:  9    God:
Gold:   0          SH:  0    Dex: 14    Spells: 0/0 levels left

rFire   . . .      SeeInvis .    a - +0 rapier
rCold   . . .      Faith    .    (no shield)
rNeg    . . .      Spirit   .    b - +0 leather armour
rPois   .          Reflect  .    c - +0 helmet
rElec   .          Harm     .    (no cloak)
rCorr   .          Rampage  .    (no gloves)
Will    .....                    (no boots)
Stlth   +.........               (no amulet)
HPRegen 0.05/turn                (no ring)
MPRegen 0.07/turn                (no ring)

@: no status effects
A: no striking features
a: no special abilities


You were on level 1 of the Dungeon.
You visited 1 branch of the dungeon, and saw 1 of its levels.

Inventory:

Hand Weapons
 a - a +0 rapier (weapon)
Missiles
 d - 2 throwing nets (quivered)
 e - a javelin
Armour
 b - a +0 leather armour (worn)
 c - a +0 helmet (worn)
Scrolls
 f - a scroll of identify {unknown}


   Skills:
 - Level 2.0 Fighting
 - Level 2.6 Short Blades
 - Level 1.7 Throwing
 - Level 2.6 Dodging
 * Level 0.6 Stealth


You couldn't memorise any spells.
You didn't know any spells.
Your spell library was empty.

Dungeon Overview and Level Annotations

Branches:
Dungeon (1/15)

Altars:


Message History

You are too injured to fight recklessly!
You are too injured to fight recklessly!
You are too injured to fight recklessly!
You are too injured to fight recklessly!
You are too injured to fight recklessly!
You are too injured to fight recklessly!
You are too injured to fight recklessly!
You are too injured to fight recklessly!
You are too injured to fight recklessly!
You are too injured to fight recklessly!
You are too injured to fight recklessly!
You are too injured to fight recklessly!
You are too injured to fight recklessly!
You are too injured to fight recklessly!
Unknown command.
The gnoll misses you.
You see here a rat corpse.
You hit the gnoll.
The gnoll is lightly wounded.
The gnoll closely misses you. The hobgoblin completely misses you.
You hit the gnoll.
The gnoll is moderately wounded.
The hobgoblin barely misses you. The gnoll closely misses you.
You barely miss the gnoll.
The gnoll is moderately wounded.
The hobgoblin barely misses you. The gnoll hits you with a +0 spear.
* * * LOW HITPOINT WARNING * * *
You hit the gnoll but do no damage.
The gnoll is moderately wounded.
The hobgoblin hits you but does no damage.
The gnoll hits you with a +0 spear.
* * * LOW HITPOINT WARNING * * *
Unknown command.
Throw: 3 throwing nets
Press: ? - help, Q - select action, (/) - cycle Shift-Dir - straight line, f - hobgoblin
Aim: a hobgoblin (59% to hit)
You throw a throwing net. The throwing net hits the hobgoblin.
The hobgoblin is caught in the net!
The gnoll hits you with a +0 spear.
You die...

... #.. #.# #.#
##.## #... #gg#
#.@###########.#
#..............# ##
#.######........ ..
...######.#######
#.###...............
#. #.#####.#######.
#. #.# #.# # #.
##.## #.# .
#.##...####|#


You could see a gnoll and a hobgoblin (caught).

Vanquished Creatures
  A quokka (D:1)
  A rat (D:1)
2 creatures vanquished.

Notes
Turn   | Place    | Note
-------+----------+-------------------------------------------
     0 | D:1      | Newt the Demonspawn Gladiator began the quest for the Orb.
     0 | D:1      | Reached XP level 1. HP: 16/16 MP: 1/1
   159 | D:1      | Slain by a gnoll

Illustrated notes

Levels and vault maps discovered:
D:1:      heliophobic_arrival_glass_houses, layout_loops_ring, serial_forest,
          infiniplex_forest_end_2, infiniplex_forest_end_3,
          infiniplex_forest_end_2, infiniplex_forest_clump_double,
          hellmonk_ecumenical_altar_watching_god, minivault_23

Action                   || total
-------------------------++-------
Melee: Rapier            ||    15
Throw: Throwing net      ||     1
Armor: Leather armour    ||     5
Dodge: Dodged            ||    10

Table legend: (Time is in decaauts)
 A = Elapsed time spent in this place.
 B = Non-inter-level travel time spent in this place.
 C = Inter-level travel time spent in this place.
 D = Time resting spent in this place.
 E = Time spent auto-exploring this place.
 F = Levels seen in this place.
 G = Mean time per level.
                   A        B        C        D        E       F      G
               +--------+--------+--------+--------+--------+-----+--------+
         Total |    159 |    159 |      0 |      0 |    135 |   1 |  159.0 |
       Dungeon |    159 |    159 |      0 |      0 |    135 |   1 |  159.0 |
               +--------+--------+--------+--------+--------+-----+--------+

Top non-repeatable levels by time:
     D:1: 159 daAuts
